 Dungeon Sprint DCSS version 0.19.4 (webtiles) character file.

128 kraedy the Basher (level 5, -2/32 HPs)
             Began as a Gargoyle Fighter on Feb 5, 2017.
             Slain by a fire elemental (8 damage)
             ... summoned by a deep elf mage
             ... in the Dungeon (Sprint III: "The Ten Rune Challenge").
             The game lasted 00:02:16 (394 turns).

kraedy the Basher (Gargoyle Fighter)                 Turns: 394, Time: 00:02:18

Health: -2/32      AC: 12    Str: 16    XL:     5   Next: 11%
Magic:  5/5        EV:  6    Int:  9    God:
Gold:   31         SH: 12    Dex: 11    Spells: 0 memorised, 4 levels left

rFire  . . .     SeeInvis .     a - +0 flail
rCold  . . .     Gourm    .     b - +0 scale mail
rNeg   + . .     Faith    .     c - +0 shield
rPois  ∞         Spirit   .     (helmet restricted)
rElec  +         Reflect  .     (no cloak)
rCorr  .         Harm     .     (no gloves)
MR     .....     NoTele   +     (no boots)
Stlth  ..........               (no amulet)
                                (no ring)
                                (no ring)

@: no status effects
A: horns 1, iridescent scales 1, large bone plates 1, agile 1, negative energy
resistance 1, electricity resistance, weak 2, unbreathing, petrification
resistance, rot immunity, AC +4
a: no special abilities


You were in the Dungeon.
You were not hungry.

You visited 1 branch You collected 31 gold pieces.

Inventory:

Hand Weapons
 a - a +0 flail (weapon)
Armour
 b - a +0 scale mail (worn)
 c - a +0 shield (worn)
Scrolls
 k - a scroll of blinking
 m - a scroll of torment {unknown}
 o - 3 scrolls of remove curse
 r - a scroll of holy word {unknown}
 s - a scroll of immolation {unknown}
Potions
 d - a potion of might
 e - 3 potions of curing
 g - a potion of heal wounds
 i - 2 potions of magic
 j - a potion of berserk rage
 q - 2 potions of flight
 u - a potion of cure mutation {unknown}
Books
 h - a book of Minor Magic

   Spells                             Type                      Level
   a - Magic Dart                     Conjuration                  1
   b - Blink                          Translocation                2
   c - Call Imp                       Summoning                    2
   d - Repel Missiles                 Charms/Air                   2
   e - Slow                           Hexes                        2
   f - Conjure Flame                  Conjuration/Fire             3
   g - Mephitic Cloud                 Conjuration/Poison/Air       3
 l - a book of Cantrips

   Spells                             Type                      Level
   a - Confusing Touch                Hexes                        1
   b - Animate Skeleton               Necromancy                   1
   c - Summon Small Mammal            Summoning                    1
   d - Apportation                    Translocation                1
Comestibles
 f - a bread ration
 p - a meat ration
 t - a royal jelly


   Skills:
 - Level 3.2 Fighting
 + Level 9.9 Maces & Flails
 - Level 3.2 Armour
 - Level 3.2 Shields


You had 4 spell levels left.
You didn't know any spells.

Dungeon Overview and Level Annotations

Branches:
Dungeon (1/1)

Altars:
Elyvilon
Kikubaaqudgha
Sif Muna
Vehumet
Zin
The Shining One


Innate Abilities, Weirdness & Mutations

You are resistant to torment.
Your stone body is resilient. (AC +4)
You are immune to poison.
You resist negative energy. (rN+)
You are resistant to electric shocks. (rElec)
You can survive without breathing.
You are immune to petrification.
You are immune to rotting.
You have a pair of small horns on your head.
You are partially covered in iridescent scales. (AC +2)
You are partially covered in large bone plates. (SH +4)
You are agile. (Dex +2)
You are very weak. (Str -4)


Message History

The deep elf mage casts a spell.
You closely miss the deep elf mage.
The deep elf mage is moderately wounded.
You block the fire elemental's attack. The fire elemental barely misses you.
The deep elf mage hits you with a long sword of holy wrath.
You hit the deep elf mage.
The deep elf mage is moderately wounded.
You block the fire elemental's attack. The fire elemental hits you.
The fire elemental burns you!
You miss the deep elf mage.
The deep elf mage is moderately wounded.
You block the fire elemental's attack. x2
The deep elf mage hits you with a long sword of holy wrath.
Your shield prevents you from hitting the deep elf mage.
You headbutt the deep elf mage, but do no damage.
The deep elf mage is moderately wounded.
The fire elemental hits you. The fire elemental burns you!
* * * LOW HITPOINT WARNING * * *
The fire elemental hits you. The fire elemental burns you!
You die...

▓▓▓▓ ▓▓▓ (..####
##.#####
......#####..#__E#
.......#..#..#.e@#
#.##...#..#..###E#+###+#
#.###..##'#..#..........
##.##÷.###...'.⌠........
..##..####...#...######+
..##..###....#.⌠.#
.##...##.....#...#
##....#......#)###
##..##.#.....#.).#


You could see a deep elf mage and 2 fire elementals.

Vanquished Creatures
  A water elemental (D)
  A wizard (D)
  A kobold demonologist (D)
  A human (D)
  A phantom (D)
  4 rats (D)
9 creatures vanquished.

Vanquished Creatures (others)
  2 draconian scorchers (D)
  A yaktaur (D)
  6 hellions (D)
  2 plants (D)
11 creatures vanquished.

Grand Total: 20 creatures vanquished

Notes
Turn   | Place    | Note
-------+----------+-------------------------------------------
     0 | D        | kraedy the Gargoyle Fighter began the quest for the Orb.
     0 | D        | Reached XP level 1. HP: 14/14 MP: 1/1
    24 | D        | Reached skill level 3 in Maces & Flails
    78 | D        | Killed a yaktaur
    83 | D        | Reached skill level 4 in Maces & Flails
    98 | D        | Reached skill level 6 in Maces & Flails
    98 | D        | Reached XP level 2. HP: 19/19 MP: 2/2
    98 | D        | Reached XP level 3. HP: 23/23 MP: 3/3
   123 | D        | Killed a hellion
   124 | D        | Killed a hellion
   124 | D        | Killed a hellion
   131 | D        | Gained mutation: You have a pair of small horns on your head. [potion of mutation]
   131 | D        | Gained mutation: You possess an exceptional clarity of mind. [potion of mutation]
   131 | D        | Lost mutation: You possess an exceptional clarity of mind. [potion of mutation]
   132 | D        | Gained mutation: You are partially covered in large bone plates. (SH +4) [potion of mutation]
   132 | D        | Gained mutation: You are weak. (Str -2) [potion of mutation]
   133 | D        | Gained mutation: You are partially covered in iridescent scales. (AC +2) [potion of mutation]
   133 | D        | Gained mutation: You are very weak. (Str -4) [potion of mutation]
   133 | D        | Gained mutation: You are agile. (Dex +2) [potion of mutation]
   138 | D        | Killed a white draconian scorcher
   139 | D        | Noticed a water elemental
   146 | D        | Killed a hellion
   147 | D        | Killed a water elemental
   147 | D        | Reached skill level 8 in Maces & Flails
   147 | D        | Reached XP level 4. HP: 10/28 MP: 4/4
   157 | D        | Killed a hellion
   159 | D        | Killed a hellion
   269 | D        | Killed a white draconian scorcher
   367 | D        | Found a radiant altar of Vehumet.
   367 | D        | Found a deep blue altar of Sif Muna.
   367 | D        | Found an ancient bone altar of Kikubaaqudgha.
   367 | D        | Noticed a wizard
   368 | D        | Killed a wizard
   368 | D        | Reached skill level 9 in Maces & Flails
   372 | D        | Reached XP level 5. HP: 32/32 MP: 5/5
   387 | D        | Found a glowing silver altar of Zin.
   387 | D        | Found a glowing golden altar of the Shining One.
   387 | D        | Found a white marble altar of Elyvilon.
   388 | D        | Noticed a deep elf mage
   391 | D        | Noticed a fire elemental
   391 | D        | Noticed a fire elemental
   394 | D        | Slain by a fire elemental

Skill      XL: |  1  2  3  4 |
---------------+-------------+-----
Maces & Flails | 6 8 9 |  9.9
Fighting       | |  3.2
Armour         | |  3.2
Shields        | |  3.2

Action                   |  1- 3 |  4- 6 || total
-------------------------+-------+-------++-------
Melee: Flail             |    32 |     9 ||    41
       Headbutt          |     3 |     4 ||     7
  Use: Potion            |     4 |       ||     4
       Scroll            |     2 |       ||     2
Armor: Scale mail        |     6 |     3 ||     9
Dodge: Dodged            |     6 |     2 ||     8
Block: Shield            |    16 |     4 ||    20
